 Dungeon Crawl Stone Soup version 0.19.1 (webtiles) character file.

42389 Ice the Cruncher (level 13, -1/79 HPs)
             Began as a Minotaur Berserker on Dec 13, 2016.
             Was a High Priest of Trog.
             Slain by an Executioner (7 damage)
             ... summoned by Asterion
             ... on level 3 of the Spider Nest.
             The game lasted 01:34:13 (16525 turns).

Ice the Cruncher (Minotaur Berserker)              Turns: 16525, Time: 01:34:14

Health: -1/79      AC: 26    Str: 18 (19) XL:     13   Next: 85%
Magic:  14/14      EV: 12    Int: 10      God:    Trog [*****.]
Gold:   428        SH:  0    Dex: 22      Spells: 0 memorised, 12 levels left

rFire  + + .     SeeInvis .     I - +7 lajatang of Causality {slice, *Contam Int+6 Dex+4 Stlth+}
rCold  x . .     Gourm    .     v - +4 plate armour {rF+}
rNeg   + . .     Faith    +     (shield currently unavailable)
rPois  .         Spirit   .     (helmet restricted)
rElec  .         Reflect  .     s - +1 cloak
rCorr  .         Harm     .     j - +1 pair of gloves
MR     .....     Rnd*Rage +     A - +2 pair of boots
Stlth  ++........               e - amulet of faith
                                Q - ring "Ciuhempu" {Fire Dex+4}
                                x - ring of positive energy

@: exhausted, slowed, very slow
A: retaliatory headbutt, horns 2, berserk 2, blurry vision 3, deterioration 2,
frail 3, slow regeneration 2, weak 2, subdued magic 1
a: Berserk, Trog's Hand, Brothers in Arms, Burn Spellbooks, Renounce Religion


You were on level 3 of the Spider Nest.
You worshipped Trog.
Trog was extremely pleased with you.
You were very hungry.

You visited 3 branches of the dungeon, and saw 16 of its levels.

You collected 1009 gold pieces.
You spent 581 gold pieces at shops.

Inventory:

Hand Weapons
 B - a +1 hunting sling
 I - the +7 lajatang of Causality (weapon) {slice, *Contam Int+6 Dex+4 Stlth+}
   (You found it on level 4 of the Dungeon)

   It inflicts extra damage upon your enemies.
   It affects your intelligence (+6).
   It affects your dexterity (+4).
   It causes magical contamination when unequipped.
   It makes you more stealthy.
 K - a +0 longbow
Missiles
 d - 157 sling bullets
 i - 344 stones
 q - 5 tomahawks
 F - 181 arrows
 N - 3 exploding tomahawks
 U - a javelin (quivered)
Armour
 j - a +1 pair of gloves (worn)
 s - a +1 cloak (worn)
 v - a +4 plate armour of fire resistance (worn)
 z - a +0 plate armour of cold resistance
 A - a +2 pair of boots (worn)
Jewellery
 e - an amulet of faith (around neck)
 x - a ring of positive energy (left hand)
 Q - the ring "Ciuhempu" (right hand) {Fire Dex+4}
   (You found it on level 7 of the Dungeon)

   [ring of fire]

   It enhances your fire magic.
   It affects your dexterity (+4).
   It protects you from fire.
   It makes you vulnerable to cold.
Wands
 h - a wand of slowing (23/48)
 u - a wand of iceblast (8/15)
 w - a wand of lightning (11/15)
 G - a wand of polymorph (8/24)
 Y - a wand of lightning (12/15)
Scrolls
 b - 2 scrolls of silence {unknown}
 o - 4 scrolls of fear
 t - a scroll of noise {unknown}
 y - a scroll of blinking {unknown}
 E - 3 scrolls of magic mapping {unknown}
 L - 4 scrolls of immolation
 M - 2 scrolls of acquirement {unknown}
 P - 3 scrolls of remove curse
 R - 4 scrolls of teleportation
 S - a scroll of holy word
 W - a scroll of fog {unknown}
Potions
 a - 2 potions of flight
 f - a potion of cure mutation {unknown}
 g - 2 potions of might
 n - a potion of cancellation {unknown}
 p - a potion of ambrosia {unknown}
 r - a potion of agility
 D - a potion of invisibility {unknown}
 H - 2 potions of haste {unknown}
 O - 2 potions of experience {unknown}
 T - 4 potions of lignification
Books
 l - a book of Clouds

   Spells                             Type                      Level
   a - Mephitic Cloud                 Conjuration/Poison/Air       3
   b - Conjure Flame                  Conjuration/Fire             3
   c - Poisonous Cloud                Conjuration/Poison/Air       6
   d - Freezing Cloud                 Conjuration/Ice/Air          6
   e - Ring of Flames                 Charms/Fire                  7
   Trog disapproves of the use of such an item.
 J - a book of Ice

   Spells                             Type                      Level
   a - Ice Form                       Ice/Transmutation            4
   b - Metabolic Englaciation         Hexes/Ice                    5
   c - Ozocubu's Refrigeration        Ice                          6
   d - Bolt of Cold                   Conjuration/Ice              6
   e - Freezing Cloud                 Conjuration/Ice/Air          6
   f - Simulacrum                     Ice/Necromancy               6
   Trog disapproves of the use of such an item.
Comestibles
 c - 11 bread rations
 k - 2 chunks of flesh
 C - 7 meat rations
 Z - 10 fruits


   Skills:
 - Level 10.2 Fighting
   Level 3.6(9.9) Maces & Flails
 - Level 13.8(14.0) Staves
 - Level 7.9(10.0) Slings
 - Level 9.0(10.0) Throwing
 + Level 9.0 Armour
 - Level 10.0 Dodging
 - Level 10.0 Stealth
 - Level 3.2 Evocations


You had 12 spell levels left.
You didn't know any spells.

Dungeon Overview and Level Annotations

Branches:
Dungeon (9/15)             Temple (0/1) D:5            Lair (4/6) D:9
 Shoals (0/4) Lair:3       Spider (3/4) Lair:3
    Orc: D:9-12

Altars:
Dithmenos
Elyvilon
Gozag
Hepliaklqana
Okawaru
Ru
Sif Muna
Trog
Vehumet

Shops:
D:7 ?   D:9 *

Annotations:
Spider:3 Asterion, Donald


Innate Abilities, Weirdness & Mutations

You reflexively headbutt those who attack you in melee.
You have a pair of horns on your head.
You often lose your temper in combat.
Scrolls take you much longer to read.
Your body often deteriorates upon taking damage.
You are extremely frail. (-30% HP)
You do not regenerate when monsters are visible.
You are very weak. (Str -4)
Your spells are a little easier to cast, but a little less powerful.


Message History

The Executioner barely misses you. The Executioner closely misses you.
You are too berserk!
The Executioner hits you.
* * * LOW HITPOINT WARNING * * *
The Executioner hits you but does no damage. x2
You feel a strong urge to attack something.
The Executioner gestures.
The Executioner gestures.
The Executioner gestures at you. Pain shoots through your body!
* * * LOW HITPOINT WARNING * * *
Asterion prays to Makhleb.
You feel your anger subside.
You are no longer berserk.
You are exhausted.
You feel yourself slow down. The Executioner gestures at you.
You resist with significant effort.
The Executioner gestures.
Asterion prays to Makhleb.
A demonic crawler and Donald come into view.
You feel better. The Executioner hits you!
You die...

##..†.#.#.#.#.#
#..#.(#....#^#.^.#
#....#(#H#.....#..
#......(...###.....
##....###.##...#..#
#..##........).#.s.
#.....##......#..#..
#.#.#..1#.#....#.#
..^....)@...##...#..
.#.....#^.....@#...#
#...##.....#.#^.#..
##......#(.^...#.#
#..#....#....#....#.
#......<..#..#.#...#
##.#......#....#
####...#.<...##
#..#>..#...#


You could see Asterion, Donald, an Executioner and a demonic crawler
(wandering).

Vanquished Creatures
  An emperor scorpion (Spider:2)
  An entropy weaver (Spider:2)
  The ghost of Spectrina the Grappler, a journeyman DrSu of Sif Muna (Lair:2)
  14 orb spiders
  10 wolf spiders
  The ghost of blockspiders the Spear-Bearer, a novice MfGl of Okawaru (D:5)
  10 elephants
  A siren (Lair:3)
  Joseph (D:9)
  A black mamba (Lair:1)
  5 spiny frogs
  A torpor snail (Spider:2)
  A rime drake (Lair:3)
  A komodo dragon (Lair:3)
  8 demonic crawlers
  A polar bear (Lair:4)
  17 jumping spiders
  2 trolls (D:9)
  2 hornets
  5 dream sheep (Lair:3)
  10 blink frogs
  A hippogriff (Lair:2)
  10 tarantellas
  33 redbacks
  A basilisk (Lair:3)
  10 yaks (Lair:1)
  9 water moccasins
  8 porcupines
  A sky beast (D:7)
  An ice beast (D:9)
  2 phantoms
  A hornet zombie (D:7)
  7 ogres
  4 wolves (Lair:2)
  A centaur (D:9)
  5 crocodiles
  4 bullfrogs
  2 scorpions
  3 killer bees (D:7)
  A centaur zombie (D:8)
  A howler monkey (D:6)
  3 jellies
  A quasit (D:5)
  2 crimson imps
  3 bullfrog skeletons
  2 centaur skeletons
  2 hounds (D:6)
  A bullfrog zombie (D:5)
  5 orc priests
  Terence (D:3)
  Ijyb (D:2)
  6 orc wizards
  4 worker ants
  A killer bee zombie (D:8)
  2 hound zombies (D:5)
  A howler monkey skeleton (D:4)
  4 gnolls
  14 adders
  4 river rats (D:6)
  A shadow imp (D:6)
  An ooze (D:3)
  An adder skeleton (D:4)
  2 worms (D:2)
  A dart slug (D:4)
  3 leopard geckos (D:7)
  32 orcs
  6 giant cockroaches
  3 goblins
  9 hobgoblins
  9 jackals
  3 kobolds
  A quokka (D:3)
  A ball python (D:4)
  5 bats
  9 frilled lizards
  A jackal skeleton (D:4)
  A leopard gecko zombie (D:5)
  7 rats
  A plant (D:6)
353 creatures vanquished.

Notes
Turn   | Place    | Note
-------+----------+-------------------------------------------
     0 | D:1      | Ice the Minotaur Berserker began the quest for the Orb.
     0 | D:1      | Reached XP level 1. HP: 19/19 MP: 0/0
   800 | D:2      | Reached XP level 2. HP: 27/27 MP: 1/1
  1048 | D:2      | Noticed Ijyb
  1060 | D:2      | Killed Ijyb
  1060 | D:2      | Reached skill level 5 in Fighting
  1060 | D:2      | Reached XP level 3. HP: 36/36 MP: 2/2
  1605 | D:2      | Reached XP level 4. HP: 38/44 MP: 3/3
  1806 | D:3      | Noticed Terence
  1830 | D:3      | Reached ** piety under Trog
  1876 | D:3      | Killed Terence
  1900 | D:3      | Noticed a water moccasin
  1911 | D:3      | Killed a water moccasin
  1911 | D:3      | Reached skill level 5 in Dodging
  1911 | D:3      | Reached XP level 5. HP: 18/50 MP: 4/4
  2519 | D:3      | Found an opulent altar of Gozag.
  2660 | D:3      | Reached XP level 6. HP: 52/57 MP: 5/5
  2944 | D:3      | Reached *** piety under Trog
  3060 | D:4      | Reached skill level 5 in Armour
  3061 | D:4      | Reached skill level 1 in Throwing
  3170 | D:4      | Reached XP level 7. HP: 55/62 MP: 6/6
  3486 | D:4      | Got an encrusted lajatang
  3487 | D:4      | Identified the +7 lajatang of Causality {slice, *Contam Int+6 Dex+4 Stlth+} (You found it on level 4 of the Dungeon)
  3502 | D:4      | Reached skill level 1 in Staves
  3669 | D:5      | Entered Level 5 of the Dungeon
  3678 | D:5      | Reached skill level 2 in Staves
  3680 | D:5      | Reached **** piety under Trog
  3749 | D:5      | Reached skill level 3 in Staves
  3780 | D:5      | Reached skill level 4 in Staves
  3790 | D:5      | Noticed blockspiders's ghost (novice MfGl)
  3798 | D:5      | Killed blockspiders's ghost
  3798 | D:5      | Reached skill level 6 in Staves
  3798 | D:5      | Reached XP level 8. HP: 70/70 MP: 7/7
  3832 | D:5      | Reached skill level 7 in Staves
  3878 | D:5      | Found a staircase to the Ecumenical Temple.
  4035 | D:5      | Found a radiant altar of Vehumet.
  4035 | D:5      | Found a deep blue altar of Sif Muna.
  4085 | D:5      | Reached skill level 8 in Staves
  4486 | D:5      | Found a hazy altar of Hepliaklqana.
  4698 | D:6      | Reached skill level 9 in Staves
  4739 | D:6      | Received a gift from Trog
  4863 | D:6      | Reached XP level 9. HP: 62/75 MP: 8/8
  4866 | D:6      | Reached skill level 10 in Staves
  4955 | D:6      | Received a gift from Trog
  5037 | D:6      | Found an iron altar of Okawaru.
  5091 | D:6      | Reached skill level 11 in Staves
  5753 | D:7      | Found Cuiciec's Magic Scroll Emporium.
  5761 | D:7      | Bought a scroll of enchant armour for 120 gold pieces
  5761 | D:7      | Bought a scroll of holy word for 120 gold pieces
  5761 | D:7      | Bought a scroll of identify for 32 gold pieces
  5761 | D:7      | Bought a scroll of immolation for 56 gold pieces
  5761 | D:7      | Bought a scroll of random uselessness for 16 gold pieces
  6028 | D:7      | Found a faded altar of an unknown god.
  6028 | D:7      | Found a faded altar of an unknown god.
  6033 | D:7      | Found a faded altar of an unknown god.
  6036 | D:7      | Found a faded altar of an unknown god.
  6037 | D:7      | Found a white marble altar of Elyvilon.
  6112 | D:7      | Got a brightly glowing bronze ring
  6114 | D:7      | Identified the ring "Ciuhempu" {Fire Dex+4} (You found it on level 7 of the Dungeon)
  6210 | D:7      | Reached skill level 12 in Staves
  6420 | D:8      | Found a shadowy altar of Dithmenos.
  6598 | D:8      | Received a gift from Trog
  6877 | D:8      | Found a sacrificial altar of Ru.
  7542 | D:9      | Reached skill level 13 in Staves
  7561 | D:9      | Found a bloodstained altar of Trog.
  7590 | D:9      | Noticed a troll
  7594 | D:9      | Killed a troll
  7605 | D:9      | Reached ***** piety under Trog
  7624 | D:9      | Reached XP level 10. HP: 79/83 MP: 9/9
  7700 | D:9      | Noticed Joseph
  7709 | D:9      | Killed Joseph
  7731 | D:9      | Gained mutation: You tend to lose your temper in combat. [mutagenic glow]
  7841 | D:9      | Reached skill level 1 in Slings
  7901 | D:9      | Gained mutation: You regenerate slowly when monsters are visible. [mutagenic glow]
  7932 | D:9      | Found Iraptasch's Assorted Antiques.
  7940 | D:9      | Bought a scroll of identify for 60 gold pieces
  7940 | D:9      | Bought a dented steel amulet for 150 gold pieces
  7940 | D:9      | Bought a black potion for 27 gold pieces
  7952 | D:9      | Found a staircase to the Lair.
  7959 | D:9      | Gained mutation: Scrolls take you a little longer to read. [mutagenic glow]
  7979 | Lair:1   | Entered Level 1 of the Lair of Beasts
  8004 | Lair:1   | Gained mutation: Your spells are a little easier to cast, but a little less powerful. [mutagenic glow]
  8056 | Lair:1   | Gained mutation: Scrolls take you longer to read. [mutagenic glow]
  8077 | Lair:1   | Reached skill level 1 in Stealth
  8111 | Lair:1   | Gained mutation: You are frail. (-10% HP) [mutagenic glow]
  8128 | Lair:1   | Gained mutation: You are very frail. (-20% HP) [mutagenic glow]
  8149 | Lair:1   | Received a gift from Trog
  8176 | Lair:1   | Gained mutation: You often lose your temper in combat. [mutagenic glow]
  8284 | Lair:1   | Noticed a spiny frog
  8290 | Lair:1   | Killed a spiny frog
  8290 | Lair:1   | Reached skill level 5 in Stealth
  8300 | Lair:1   | Found a white marble altar of Elyvilon.
  8306 | Lair:1   | Noticed a spiny frog
  8315 | Lair:1   | Killed a spiny frog
  8376 | Lair:1   | Noticed a black mamba
  8381 | Lair:1   | Killed a black mamba
  8664 | Lair:2   | Reached XP level 11. HP: 59/72 MP: 10/10
  8666 | Lair:2   | Received a gift from Trog
  8681 | Lair:2   | Gained mutation: You do not regenerate when monsters are visible. [mutagenic glow]
  8913 | Lair:2   | Gained mutation: You are weak. (Str -2) [mutagenic glow]
  8995 | Lair:2   | Gained mutation: You are extremely frail. (-30% HP) [mutagenic glow]
  9037 | Lair:2   | Gained mutation: You are very weak. (Str -4) [mutagenic glow]
  9165 | Lair:2   | Reached skill level 1 in Evocations
  9217 | Lair:2   | Noticed Spectrina's ghost (journeyman DrSu)
  9233 | Lair:2   | Killed Spectrina's ghost
  9503 | Lair:3   | Got an ancient trident
  9504 | Lair:3   | Identified the +5 trident of Bodily Humours {flame, Dex+4} (You found it on level 3 of the Lair of Beasts)
 10116 | Lair:3   | Found a staircase to the Shoals.
 10117 | Lair:3   | Reached skill level 5 in Throwing
 10185 | Lair:3   | Noticed an orb spider
 10432 | Lair:3   | Found a hole to the Spider Nest.
 10508 | Lair:3   | Killed an orb spider
 10948 | Spider:1 | Entered Level 1 of the Spider Nest
 10948 | Spider:1 | Noticed an orb spider
 10989 | Spider:1 | Killed an orb spider
 11026 | Spider:1 | Reached XP level 12. HP: 38/70 MP: 13/13
 11037 | Spider:1 | HP: 3/70 [poisoned by a redback]
 11442 | Spider:1 | Received a gift from Trog
 12649 | Spider:1 | Received a gift from Trog
 13836 | Spider:2 | Reached XP level 13. HP: 73/77 MP: 14/14
 14034 | Spider:2 | Noticed an emperor scorpion
 14063 | Spider:2 | Killed an emperor scorpion
 14116 | Spider:2 | Received a gift from Trog
 14581 | Spider:2 | HP: 3/77 [disintegration (45)]
 14712 | Spider:2 | Reached skill level 5 in Slings
 14823 | Spider:2 | Gained mutation: Scrolls take you much longer to read. [mutagenic glow]
 15011 | Lair:4   | Reached skill level 10 in Fighting
 15528 | Spider:2 | Gained mutation: Your body sometimes deteriorates upon taking damage. [mutagenic glow]
 15780 | Spider:2 | Gained mutation: Your body often deteriorates upon taking damage. [mutagenic glow]
 16085 | Spider:2 | Reached skill level 10 in Dodging
 16297 | Spider:3 | Noticed an entropy weaver
 16304 | Spider:3 | Noticed Asterion
 16457 | Spider:3 | Noticed an Executioner
 16461 | Spider:2 | Killed an entropy weaver
 16463 | Spider:2 | Reached skill level 10 in Stealth
 16521 | Spider:3 | HP: 3/118 [Executioner[Asterion] (5)]
 16523 | Spider:3 | HP: 1/118 [Executioner/nerve-wracking pain[Asterion] (2)]
 16525 | Spider:3 | Noticed Donald
 16525 | Spider:3 | Slain by an Executioner

Skill      XL: |  1  2  3  4  5  6  7  8  9 10 11 12 13 |
---------------+----------------------------------------+-----
Fighting       | 4 5 6 7 9 10 | 10.2
Dodging        | 5 9 10 | 10.0
Armour         | 3 5 6 9 |  9.0
Throwing       | 1 3 7 9 |  9.0
Staves         | 6 9 13 | 13.8
Slings         | 4 7 |  7.9
Stealth        | 6 8 10 | 10.0
Evocations     | 3 |  3.2
Maces & Flails | |  3.6

Action                   |  1- 3 |  4- 6 |  7- 9 | 10-12 | 13-15 || total
-------------------------+-------+-------+-------+-------+-------++-------
Melee: Mace              |    53 |       |       |       |       ||    53
       Headbutt          |     5 |    17 |    26 |   101 |    47 ||   196
       Trident           |     7 |     5 |       |       |       ||    12
       Flail             |       |    78 |    21 |       |       ||    99
       Lajatang          |       |       |   137 |   305 |   159 ||   601
       Quarterstaff      |       |       |       |    10 |       ||    10
 Fire: Hunting sling     |       |       |       |    12 |    79 ||    91
Throw: Stone             |    35 |     7 |    29 |   101 |    65 ||   237
       Tomahawk          |     2 |    60 |   173 |   135 |       ||   370
       Javelin           |       |       |       |    15 |    16 ||    31
Invok: Berserk           |     1 |     2 |     2 |     6 |     3 ||    14
       Burn Spellbooks   |       |       |       |       |     1 ||     1
Evoke: Wand              |       |       |       |       |     2 ||     2
  Use: Scroll            |     5 |     1 |    10 |     7 |     6 ||    29
       Potion            |       |     1 |       |     5 |    11 ||    17
 Stab: Sleeping          |       |       |       |       |     2 ||     2
  Eat: Chunk             |     5 |    16 |    10 |    12 |     2 ||    45
       Beef jerky        |       |       |       |     2 |       ||     2
       Pizza             |       |       |       |     4 |     1 ||     5
       Fruit             |       |       |       |       |     2 ||     2
       Meat ration       |       |       |       |       |     1 ||     1
Armor: Ring mail         |     9 |       |       |       |       ||     9
       Scale mail        |    10 |    27 |    20 |       |       ||    57
       Plate armour      |       |       |    41 |   225 |   128 ||   394
Dodge: Dodged            |    26 |    51 |    59 |   134 |    96 ||   366
